 Dungeon Crawl Stone Soup version 0.32-a0-433-g08bcfe7efd (webtiles) character file.

Game seed: 1654984776653098697

494 benadryl the Trooper (level 6, 0/56 HPs)
             Began as a Mountain Dwarf Delver on Feb 22, 2024.
             Slain by an orc
             ... wielding a +0 dagger
              (2 damage)
             ... on level 4 of the Dungeon.
             The game lasted 00:04:51 (3248 turns).

benadryl the Trooper (Mountain Dwarf Delver)        Turns: 3248, Time: 00:04:51

Health: 0/56       AC:  7    Str: 16    XL:     6   Next: 92%
Magic:  6/6        EV:  6    Int: 11    God:
Gold:   90         SH: 13    Dex: 11    Spells: 5/5 levels left

rFire   + . .        a - +0 hand axe
rCold   . . .        k - +1 tower shield
rNeg    . . .        s - +1 scale mail {Will+}
rPois   .            (no helmet)
rElec   .            (no cloak)
rCorr   .            (no gloves)
SInv    .            (no boots)
Will    +....        (no amulet)
Stlth   +            m - ring of protection from fire
HPRegen 0.29/turn    (no ring)
MPRegen 0.10/turn

%: no passive effects
@: no status effects
A: runic magic, artefact enchanting
a: no special abilities


You were on level 4 of the Dungeon.
You visited 1 branch of the dungeon, and saw 5 of its levels.

You collected 90 gold pieces.

Inventory:

Hand Weapons
 a - a +0 hand axe (weapon)
Armour
 k - a +1 tower shield (worn)
 s - a +1 scale mail of willpower (worn)
Jewellery
 m - a ring of protection from fire (left hand)
 n - a ring of ice
Wands
 g - a wand of digging (3)
Scrolls
 c - a scroll of fog
 d - a scroll of revelation
 e - 2 scrolls of fear
Potions
 f - 2 potions of ambrosia
 l - a potion of heal wounds {unknown}
 q - a potion of brilliance {unknown}
 r - a potion of curing {@q1}


   Skills:
 - Level 5.5 Fighting
 + Level 5.2 Axes
 - Level 1.3 Dodging
 - Level 3.7 Stealth
 * Level 4.7 Shields


You had 5 spell levels left.
You didn't know any spells.
Your spell library contained the following spells:

 Spells                   Type           Power      Damage    Failure   Level
 Kiss of Death            Conj/Necr      0%         2d5       99%         1
 Confusing Touch          Hex            0%         N/A       100%        3
 Dispel Undead            Necr           0%         3d6       100%        4


Dungeon Overview and Level Annotations

Branches:
Dungeon (5/15)
 Temple: D:4-7

Altars:
Kikubaaqudgha


Innate Abilities, Weirdness & Mutations

Your spellcasting is much less encumbered by armour.
You can use scrolls of enchantment on lesser artefacts.


Message History

The orc shouts!
The orc hits you but does no damage.
The orc wizard hits you but does no damage.
The orc shouts!
You hit the orc wizard but do no damage.
The orc wizard is lightly wounded.
You hit the orc but do no damage.
You flicker back into view.
The orc shouts! x2
The orc wizard hits you but does no damage.
You block the orc's attack.
The orc wizard hits you but does no damage.
An orc comes into view. It is wielding a +0 flail.
You block the orc's attack.
You hit the orc wizard.
The orc wizard is lightly wounded.
You hit the orc.
You kill the orc!
You hit the orc.
The orc wizard points at you and mumbles some strange words.
The magic dart hits you.
* * * LOW HITPOINT WARNING * * *
You block the orc's attack.
You hit the orc wizard.
The orc wizard is moderately wounded.
You hit the orc.
The orc wizard hits you with a +0 dagger.
* * * LOW HITPOINT WARNING * * *
The orc hits you with a +0 dagger.
* * * LOW HITPOINT WARNING * * *
You block the orc wizard's attack.
You closely miss the orc wizard.
The orc wizard is moderately wounded.
You hit the orc. x2
The orc wizard hits you with a +0 dagger.
* * * LOW HITPOINT WARNING * * *
The orc hits you with a +0 dagger.
* * * LOW HITPOINT WARNING * * *
The orc hits you with a +0 dagger.
You die...

............o...........
........................
.........................
.........................
..........................
..........o................
..........).................
........$..oooo..............
...........o@)<............†.
...........................).
#............................
#............................
#...........................
#..........................
##.........................
#..#........................
#. ###..>...................


You could see an orc wizard and 5 orcs.

Vanquished Creatures
  An ogre (D:4)
  Blork the orc (D:4)
  Jessica (D:2)
  Natasha (thrice) (D:2)
  3 adders
  A ribbon worm (D:2)
  13 orcs
  5 bats
  9 endoplasms
  3 giant cockroaches
  4 goblins
  4 hobgoblins
  8 jackals (D:3)
  A quokka (D:2)
  3 ball pythons
  3 frilled lizards
  6 kobolds
  4 rats
73 creatures vanquished.

Vanquished Creatures (collateral kills)
  Menkaure (D:4)
  An orc (D:4)
  A giant cockroach (D:4)
3 creatures vanquished.

Grand Total: 76 creatures vanquished

Notes
Turn   | Place    | Note
-------+----------+-------------------------------------------
     0 | D:5      | benadryl the Mountain Dwarf Delver began the quest for the
                  | Orb.
     0 | D:5      | Reached XP level 1. HP: 19/19 MP: 1/1
    74 | D:4      | Noticed a hound
   125 | D:2      | Reached XP level 2. HP: 26/26 MP: 2/2
   157 | D:2      | Noticed Natasha
   159 | D:2      | Noticed Jessica
   171 | D:2      | Killed Natasha
   172 | D:2      | Reached XP level 3. HP: 7/33 MP: 3/3
   173 | D:2      | Killed Jessica
   497 | D:1      | Reached XP level 4. HP: 40/41 MP: 4/4
  1334 | D:2      | Noticed Natasha
  1365 | D:2      | Killed Natasha
  1366 | D:2      | Reached skill level 5 in Fighting
  1547 | D:2      | Noticed Natasha
  1553 | D:2      | Killed Natasha
  1581 | D:2      | Reached XP level 5. HP: 48/48 MP: 5/5
  1870 | D:3      | Found an ancient bone altar of Kikubaaqudgha.
  2057 | D:3      | Reached skill level 1 in Shields
  2285 | D:3      | Found a faded altar of an unknown god.
  2632 | D:4      | Noticed Menkaure
  2639 | D:4      | Killed Menkaure
  2640 | D:4      | Reached skill level 5 in Axes
  2640 | D:4      | Reached XP level 6. HP: 14/56 MP: 6/6
  2803 | D:4      | Noticed Blork the orc
  3244 | D:4      | Killed Blork the orc
  3248 | D:4      | HP: 2/56 [orc/+0 dagger (3)]
  3248 | D:4      | Slain by an orc

Illustrated notes

Levels and vault maps discovered:
D:1:      dpeg_arrival_stonehenge_8_columns, layout_basic
D:2:      layout_basic, grunt_ministairs_5, uniq_jessica, uniq_natasha
D:3:      layout_basic, kiku_gazebo_pond_becter, serial_glass, glass_columns_a,
          glass_columns_a, glass_columns_a, glass_columns_a,
          nicolae_ecumenical_pavilion
D:4:      layout_layer_cave, uniq_menkaure, uniq_blork_the_orc
D:5:      layout_layer_cave, nicolae_hepliaklqana_hazy_memory, fedhas_altar_3,
          mainiacjoe_overflow_24_doors, serial_library_hellmonk_room_c,
          grunt_ministairs_7, minmay_strange_pillars, hangedman_decor_slide_cut

Skill      XL: |  1  2  3  4  5  6 |
---------------+-------------------+-----
Fighting       | 4 5 |  5.5
Axes           | 3 4 5 |  5.2
Shields        | 3 4 |  4.7
Dodging        | |  1.3
Stealth        | |  3.7

Action                     |  1- 3 |  4- 6 || total
---------------------------+-------+-------++-------
  Melee: Hand axe          |    59 |   196 ||   255
    Use: Potion            |     1 |     4 ||     5
         Scroll            |       |    11 ||    11
   Stab: Sleeping          |       |     1 ||     1
         Invisible         |       |     5 ||     5
 Armour: Scale mail        |    40 |   159 ||   199
  Dodge: Dodged            |    39 |    80 ||   119
  Block: Tower shield      |       |   106 ||   106

Table legend: (Time is in decaauts)
 A = Elapsed time spent in this place.
 B = Non-inter-level travel time spent in this place.
 C = Inter-level travel time spent in this place.
 D = Time resting spent in this place.
 E = Time spent auto-exploring this place.
 F = Levels seen in this place.
 G = Mean time per level.
                   A        B        C        D        E       F      G
               +--------+--------+--------+--------+--------+-----+--------+
         Total |   3286 |   3223 |     63 |    845 |   1623 |   5 |  657.2 |
       Dungeon |   3286 |   3223 |     63 |    845 |   1623 |   5 |  657.2 |
               +--------+--------+--------+--------+--------+-----+--------+

Top non-repeatable levels by time:
     D:3: 1495 daAuts
     D:2: 1015 daAuts
     D:1: 550 daAuts
     D:4: 168 daAuts
     D:5: 57 daAuts
